 Dungeon Crawl Stone Soup version 0.22-a0-407-gb098539 (webtiles) character file.

4 Gorglomux the Vexing (level 1, 0/8 HPs)
             Began as a Felid Enchanter on May 9, 2018.
             Slain by a jackal (1 damage)
             ... on level 1 of the Dungeon.
             The game lasted 00:00:44 (75 turns).

Gorglomux the Vexing (Felid Enchanter)                Turns: 75, Time: 00:00:44

Health: 0/8        AC:  1    Str:  4    XL:     1   Next: 58%
Magic:  3/4        EV: 18    Int: 16    God:
Gold:   0          SH:  0    Dex: 16    Spells: 3/4 levels left
                                        Lives:  0   Deaths: 0

rFire    . . .     SeeInvis +     - Unarmed
rCold    . . .     Gourm    .   (shield unavailable)
rNeg     . . .     Faith    .   (armour unavailable)
rPois    .         Spirit   .   (helmet unavailable)
rElec    .         Reflect  .   (cloak unavailable)
rCorr    .         Harm     .   (gloves unavailable)
MR       .....                  (boots unavailable)
Stlth    +++.......             (no amulet)
HPRegen  0.02/turn              (no ring)
MPRegen  0.09/turn              (no ring)

@: quick
A: very small, no armour, no weapons or thrown items, stealth, claws 1, fangs 3,
see invisible, carnivore, speed 1, shaggy fur 1, slow metabolism 1, sharp paws
a: no special abilities


You were on level 1 of the Dungeon.
You were not hungry.

You visited 1 branch of the dungeon, and saw 1 of its levels.

Inventory:

Potions
 c - a potion of heal wounds {unknown}
Comestibles
 b - a ration


   Skills:
 + Level 0.7 Fighting
 - Level 2.6 Dodging
 - Level 4.0 Stealth
 + Level 1.3 Unarmed Combat
 - Level 2.0 Spellcasting
 - Level 4.4 Hexes


You had 3 spell levels left.
You knew the following spells:

 Your Spells              Type           Power        Failure   Level  Hunger
a - Corona                Hex            ###....      3%          1    #......


Dungeon Overview and Level Annotations

Branches:
Dungeon (1/15)

Altars:


Innate Abilities, Weirdness & Mutations

You cannot wear armour.
You are incapable of wielding weapons or throwing items.
Your paws allow you to move quietly. (Stealth)
You have sharp claws.
You have razor-sharp teeth.
You have supernaturally acute eyesight. (SInv)
You are carnivorous and can eat meat at any time.
You cover ground quickly.
You are covered in fur. (AC +1)
You have a slow metabolism.
Your sharp claws are effective at attacking unaware monsters.


Message History

You barely miss the bat! The bat closely misses you!
Butt eviscerate the bat!
You annihilate the bat!!!
The jackal barks!!!
You eviscerate the jackal but do no damage!
The jackal completely misses butt!
The jackal bites you butt does no damage!
The jackal bites you! The jackal closely misses you!
Casting: Corona (safe; 3% risk of failure)
Confirm with ! or Enter, or butts ? or * to list all spells!
Butt: Corona (safe; 3% risk of failure) Butts: ? - help, Shift-Dir - straight line, f - jackal
Aim: a butt (chance to defeat MR: 69%)
The jackal is outlined in light!
The jackal bites you! * * * don't die
* * * The jackal misses you!
You eviscerate the jackal butt do no damage!
The jackal bites you! rip

.# .# .# .# ##### .#
#... .# ####
#####.#####.#.# .h.##
#.....hhhh@...#
##..###.##########.##
.....h.[...........#
.....h.###.........
......## ##........
......# #........
......# ##........
.....(.###.........
...................


You could see 4 jackals.

Vanquished Creatures
  3 jackals (D:1)
  A bat (D:1)
4 creatures vanquished.

Notes
Turn   | Place    | Note
-------+----------+-------------------------------------------
     0 | D:1      | Gorglomux the Felid Enchanter began the quest for the Orb.
     0 | D:1      | Reached XP level 1. HP: 7/7 MP: 4/4
    75 | D:1      | Slain by a jackal

Vault maps used:
D:1:      minmay_arrival_four_circles, wad_floor_pattern_untrapped

Action                   || total
-------------------------++-------
Melee: Unarmed           ||    17
       Bite              ||     1
 Cast: Corona            ||     4
Armor: Skin              ||     1
Dodge: Dodged            ||    22

Table legend:
 A = Spawn XP
 B = Non-spawn XP
 C = Spawn XP percentage of total XP
 D = Spawn monster count
 E = Non-spawn monster count
 F = Spawn count percentage of total count
 G = Total turns spent on level
                    A         B        C        D         E        F      G
               +---------+---------+-------+---------+---------+-------+---------
         Total |       0 |       7 |   0.0 |       0 |       4 |   0.0 |    75
               +---------+---------+-------+---------+---------+-------+---------
           D:1 |       0 |       7 |   0.0 |       0 |       4 |   0.0 |    75
               +---------+---------+-------+---------+---------+-------+---------
